 Dungeon Sprint DCSS version 0.20-a0-16-g0876c8e (webtiles) character file.

1260 Naow the Severer (level 8, -11/102 HPs)
             Began as a Minotaur Berserker on Nov 4, 2016.
             Was a High Priest of Trog.
             Mangled by a hill giant
             ... wielding a +0 giant spiked club
              (29 damage)
             ... in the Dungeon (Sprint IX: "|||||||||||||||||||||||||||||").
             The game lasted 00:01:42 (314 turns).

Naow the Severer (Minotaur Berserker)                Turns: 314, Time: 00:01:42

Health: -11/102    AC: 12    Str: 27    XL:     8   Next: 27%
Magic:  7/7        EV: 11    Int:  9    God:    Trog [*****.]
Gold:   0          SH:  0    Dex: 10    Spells: 0 memorised, 7 levels left

rFire  . . .     SeeInvis .     s - +3 war axe (freeze)
rCold  . . .     Gourm    .     p - +1 chain mail
rNeg   . . .     Faith    .     (no shield)
rPois  .         Spirit   .     (helmet restricted)
rElec  .         Reflect  .     o - +0 cloak
rCorr  .         Harm     .     n - +0 pair of gloves
MR     .....     NoTele   +     (no boots)
Stlth  ..........               (no amulet)
                                r - +2 ring of evasion
                                q - +3 ring of intelligence

@: berserking (expiring), barbed spikes, very quick
A: retaliatory headbutt, horns 2
a: Berserk, Trog's Hand, Brothers in Arms, Burn Spellbooks, Renounce Religion


You were in the Dungeon.
You worshipped Trog.
Trog was extremely pleased with you.
You were very hungry.

You visited 1 branch

Inventory:

Hand Weapons
 a - a +0 hand axe
 s - a +3 war axe of freezing (weapon)
Armour
 b - a +0 animal skin
 n - a +0 pair of gloves (worn)
 o - a +0 cloak (worn)
 p - a +1 chain mail (worn)
Jewellery
 q - a +3 ring of intelligence (left hand)
 r - a +2 ring of evasion (right hand)
Wands
 m - a wand of lightning (7/15)
Scrolls
 i - 2 scrolls of blinking
 l - 3 scrolls of remove curse
Potions
 d - 5 potions of curing
 e - 3 potions of heal wounds
 f - a potion of haste
 g - 4 potions of magic
 h - a potion of berserk rage
 k - a potion of invisibility
Comestibles
 c - a bread ration


   Skills:
 - Level 5.0 Fighting
 + Level 19.6 Axes
 - Level 3.0 Armour
 - Level 2.7 Dodging


You had 7 spell levels left.
You didn't know any spells.

Dungeon Overview and Level Annotations

Branches:
Dungeon (1/1)

Altars:
Cheibriados
Dithmenos
Elyvilon
Fedhas
Gozag
Hepliaklqana
Kikubaaqudgha
Makhleb
Nemelex Xobeh
Okawaru
Qazlal
Ru
Sif Muna
Trog
Uskayaw
Vehumet
Xom
Yredelemnul
Zin
The Shining One
Beogh
Jiyva
Lugonu


Innate Abilities, Weirdness & Mutations

You reflexively headbutt those who attack you in melee.
You have a pair of horns on your head.


Message History

The barbed spikes dig painfully into your body as you move.
The shadow completely misses you.
You see here a howler monkey corpse.
You slice the shadow!!
You destroy the shadow!
Trog accepts your kill.
The barbed spikes dig painfully into your body as you move.
The hill giant hits you with a giant spiked club!!
* * * LOW HITPOINT WARNING * * *
You are too injured to fight recklessly!
You are too injured to fight recklessly!
You slice the hill giant!! You freeze the hill giant.
The hill giant is moderately wounded.
You barely miss the hill giant.
The hill giant is moderately wounded.
You slash the hill giant! You freeze the hill giant.
You headbutt the hill giant.
The hill giant is severely wounded.
The hill giant hits you with a giant spiked club!!
You die... ▓▓▓▓▓▓▓▓▓▓▓▓▓▓▓▓▓▓▓▓▓ +..C@†)†......).....) ▓▓▓▓▓▓▓▓▓▓▓▓▓▓▓▓▓▓▓▓▓

You could see a hill giant.

Vanquished Creatures
  A manticore (D)
  A two-headed ogre (shapeshifter) (D)
  A shadow (D)
  A yak (D)
  A hungry ghost (D)
  A sky beast (D)
  An ogre (D)
  A howler monkey (D)
  A jelly (D)
  An adder skeleton (D)
  A dart slug (D)
  A leopard gecko (D)
  2 orcs (D)
  2 bat skeletons (D)
  A bat zombie (D)
  A hobgoblin (D)
  A frilled lizard (D)
  A goblin (D)
  A rat (D)
21 creatures vanquished.

Notes
Turn   | Place    | Note
-------+----------+-------------------------------------------
     0 | D        | Naow the Minotaur Berserker began the quest for the Orb.
     0 | D        | Reached XP level 1. HP: 19/19 MP: 0/0
     5 | D        | Reached skill level 4 in Axes
     7 | D        | Reached ** piety under Trog
    18 | D        | Reached XP level 2. HP: 28/28 MP: 1/1
    24 | D        | Reached *** piety under Trog
    24 | D        | Reached skill level 5 in Fighting
    27 | D        | Reached skill level 5 in Axes
   154 | D        | Found a roughly hewn altar of Beogh.
   154 | D        | Found a snail-covered altar of Cheibriados.
   154 | D        | Found a shadowy altar of Dithmenos.
   154 | D        | Found a white marble altar of Elyvilon.
   154 | D        | Found a blossoming altar of Fedhas.
   154 | D        | Found an opulent altar of Gozag.
   155 | D        | Found a hazy altar of Hepliaklqana.
   156 | D        | Found a viscous altar of Jiyva.
   157 | D        | Found an ancient bone altar of Kikubaaqudgha.
   158 | D        | Found a corrupted altar of Lugonu.
   159 | D        | Found a burning altar of Makhleb.
   160 | D        | Found a sparkling altar of Nemelex Xobeh.
   161 | D        | Found an iron altar of Okawaru.
   162 | D        | Found a stormy altar of Qazlal.
   163 | D        | Found a sacrificial altar of Ru.
   164 | D        | Found a deep blue altar of Sif Muna.
   165 | D        | Found a bloodstained altar of Trog.
   166 | D        | Found a hide-covered altar of Uskayaw.
   167 | D        | Found a radiant altar of Vehumet.
   168 | D        | Found a shimmering altar of Xom.
   169 | D        | Found a basalt altar of Yredelemnul.
   170 | D        | Found a glowing silver altar of Zin.
   171 | D        | Found a glowing golden altar of the Shining One.
   233 | D        | Noticed an ogre
   233 | D        | Noticed a sky beast
   233 | D        | Noticed a yak
   234 | D        | Reached **** piety under Trog
   236 | D        | Reached skill level 8 in Axes
   236 | D        | Reached XP level 3. HP: 36/36 MP: 2/2
   241 | D        | Killed a yak
   241 | D        | Reached skill level 12 in Axes
   241 | D        | Reached XP level 4. HP: 42/42 MP: 3/3
   241 | D        | Reached XP level 5. HP: 48/48 MP: 4/4
   247 | D        | Killed a sky beast
   247 | D        | Reached ***** piety under Trog
   247 | D        | Reached skill level 14 in Axes
   247 | D        | Reached XP level 6. HP: 56/56 MP: 5/5
   250 | D        | Reached skill level 15 in Axes
   296 | D        | Noticed a hill giant
   296 | D        | Noticed a shadow
   296 | D        | Noticed a manticore
   296 | D        | Noticed a hungry ghost
   296 | D        | Noticed a two-headed ogre
   299 | D        | Killed a two-headed ogre
   299 | D        | Reached skill level 16 in Axes
   299 | D        | Reached XP level 7. HP: 61/61 MP: 6/6
   303 | D        | Killed a hungry ghost
   303 | D        | Reached skill level 17 in Axes
   306 | D        | Killed a manticore
   306 | D        | Reached skill level 19 in Axes
   306 | D        | Reached XP level 8. HP: 60/68 MP: 7/7
   308 | D        | Received a gift from Trog
   314 | D        | Mangled by a hill giant

Vault maps used:
D:        linesprint

Skill      XL: |  1  2  3  4  5  6  7 |
---------------+----------------------+-----
Fighting       | 4 5 |  5.0
Axes           | 4 8 12 14 16 19 | 19.6
Armour         | 3 |  3.0
Dodging        | |  2.7

Action                   |  1- 3 |  4- 6 |  7- 9 || total
-------------------------+-------+-------+-------++-------
Melee: Hand axe          |    20 |       |       ||    20
       Headbutt          |     6 |     2 |     2 ||    10
       War axe           |     7 |    11 |    11 ||    29
Invok: Berserk           |     1 |     1 |       ||     2
Armor: Chain mail        |     4 |     3 |     2 ||     9
       Animal skin       |     2 |       |       ||     2
Dodge: Dodged            |    14 |     1 |     3 ||    18
